AoeStats
← TheUnity-BvB09

Acropolis

503542912Analyzed
1v1 RM · 1mo ago on Sep 1, 2026· 59m 9s· 2 players
Game mode
Random Map
Map size
Tiny (2 player)
Population
200
Speed
Normal
Resources
Standard
Victory
Conquest
Starting age
Dark Age
Ending age
Imperial Age
RankedLock teamsTeams togetherTeam positionsShared explorationLock speedFull tech treeHidden civsTurbo modeCheats
Victory
Defeat
🇨🇱 Malians · Chile
1043
+17
🇲🇽 Aztecs · Mexico
1062
-17
Chilote
3:51 Loom
10:06 Feudal Age
10:38 Double-Bit Axe
14:34 Town Watch
17:49 Castle Age
16:49 Stone Mining
18:09 Padded Archer Armor
23:06 Bow Saw
28:48 Wheelbarrow
30:55 Fletching
33:29 Bodkin Arrow
38:04 Ballistics
38:05 Gold Mining
41:03 Leather Archer Armor
42:05 Murder Holes
44:14 Hand Cart
44:00 Town Patrol
50:32 Forging
53:22 Imperial Age
54:15 Capped Ram
59:31 Ring Archer Armor
TheUnity-BvB09
3:55 Loom
9:33 Feudal Age
10:38 Double-Bit Axe
13:01 Wheelbarrow
22:31 Castle Age
21:21 Padded Archer Armor
21:11 Fletching
21:35 Gold Mining
22:35 Crossbowman
22:37 Elite Skirmisher
24:26 Leather Archer Armor
24:07 Bodkin Arrow
25:38 Bodkin Arrow
30:53 Redemption
33:53 Sanctity
48:48 Imperial Age
51:24 Arbalester
56:44 Ballistics
57:25 Chemistry
Connection lost

Rejoining the realm…

Still unreachable

The connection could not be restored.

Session expired

The server has moved on; the page needs a fresh start.